Map: Одиссея РВ

Players

ИИ 1 (новичок) - Winner!

  • Race: Protoss Protoss
  • Spawn Location: 11:00

Doll

  • Race: Zerg Zerg
  • Spawn Location: 5:00

VOD

Have the link to the VOD?

Description

Time

  • Played on: Oct. 15, 2022, 10:24 a.m.
  • Length: 10:34
Show
View Real Time Build Order
Export as new Build Order

ИИ 1 (новичок) Protoss - Winner!

Build Orders: 1 Gate Expand, Nexus First 

Get SALT Encoding   

  12  0:00  Probe  
  13  0:13  Probe  
  14  0:19  Pylon  
  14  0:43  Gateway  
  14  1:02  Nexus  
  14  1:20  Pylon  
  14  1:23  Assimilator  
  14  1:25  Zealot  
  14  1:37  Cybernetics Core, Probe  
  17  1:50  Probe  
  18  1:59  Assimilator  
  18  2:00  Probe  
  18  2:08  Probe  
  19  2:15  Stalker  
  22  2:16  Warp Gate  
  22  2:17  Probe  
  22  2:20  Probe  
  24  2:31  Probe  
  25  2:38  Probe  
  26  2:48  Probe  
  26  2:50  Assimilator  
  27  2:51  Pylon  
  27  2:55  Probe  
  28  3:02  Probe  
  29  3:08  Probe  
  30  3:16  Probe  
  30  3:19  Robotics Facility  
  31  3:20  Probe  
  32  3:30  Adept  
  32  3:31  Probe  
  35  3:38  Probe  
  36  3:45  Probe  
  37  3:52  Probe  
  38  3:59  Probe  
  39  4:06  Observer  
  39  4:07  Probe  
  41  4:10  Probe  
  42  4:17  Probe  
  42  4:20  Assimilator  
  43  4:25  Probe  
  43  4:27  Observer  
  45  4:32  Probe, Pylon  
  46  4:42  Probe  
  46  4:45  Sentry  
  49  4:49  Probe  
  49  4:57  Probe  
Show
View Real Time Build Order
Export as new Build Order

Doll Zerg 

Build Orders: Hatch First, Brood Lord Corruptor 

Get SALT Encoding   

  12  0:00  Drone  
  13  0:12  Overlord  
  13  0:17  Drone  
  14  0:31  Drone x2  
  14  0:34  Drone  
  17  0:56  Hatchery  
  16  0:57  Drone  
  16  1:00  Drone  
  18  1:05  Extractor  
  18  1:08  Drone  
  18  1:21  Drone, Spawning Pool  
  18  1:29  Drone  
  19  1:39  Drone  
  20  1:50  Overlord  
  20  2:08  Queen x2  
  24  2:09  Zergling x4  
  24  2:13  Zergling x2  
  27  2:20  Zergling x2  
  28  2:27  Drone, Spine Crawler  
  28  2:29  Metabolic Boost  
  28  2:31  Zergling x2  
  28  2:34  Extractor  
  28  2:35  Drone  
  29  2:41  Zergling x2  
  31  2:44  Drone  
  31  2:50  Queen  
  33  2:54  Drone  
  33  2:58  Drone  
  35  3:02  Drone  
  36  3:09  Overlord  
  36  3:21  Lair  
  36  3:28  Drone x2  
  36  3:29  Drone  
  39  3:34  Drone  
  39  3:35  Drone  
  39  3:36  Drone  
  42  3:43  Overlord  
  42  3:50  Queen  
  44  4:01  Overlord  
  46  4:02  Drone x2  
  46  4:03  Drone  
  46  4:04  Drone  
  48  4:11  Drone x2  
  48  4:12  Drone  
  48  4:13  Drone  
  52  4:17  Overlord  
  52  4:20  Drone  
  52  4:21  Drone  
  54  4:29  Queen  
  56  4:35  Infestation Pit  
  56  4:36  Drone x2  
  57  4:45  Spire  
  57  4:48  Drone  
  57  4:51  Drone, Spine Crawler  
  57  4:54  Drone  
  57  4:57  Extractor  
  57  4:59  Drone, Extractor  
  58  5:00  Drone x3  
  58  5:01  Drone  
  58  5:03  Drone  
  62  5:15  Hive  
  62  5:20  Hatchery  
  61  5:25  Queen  
  61  5:27  Overlord  
  63  5:37  Hydralisk Den  
  63  5:38  Roach Warren  
  63  5:39  Drone x2  
  63  5:41  Drone  
  64  5:43  Drone  
  64  5:45  Drone  
  64  5:46  Drone  
  64  5:47  Drone  
  69  5:50  Drone  
  69  5:51  Drone  
  69  5:53  Drone  
  69  5:54  Drone  
  72  5:58  Overseer  
  72  5:59  Overseer  
  72  6:03  Queen  
  74  6:09  Baneling Nest  
  74  6:10  Drone x3  
  76  6:13  Overlord  
  76  6:18  Glial Reconstitution  
  76  6:22  Overlord  
  76  6:32  Greater Spire  
  76  6:35  Drone x4  
  76  6:36  Drone x3  
  84  6:40  Drone x2  
  84  6:41  Extractor x2  
  84  6:42  Drone  
  84  6:43  Drone  
  84  6:46  Pneumatized Carapace  
  85  6:50  Adrenal Glands  
  85  6:54  Centrifugal Hooks  
  85  6:57  Queen  
  87  7:11  Corruptor  
  87  7:13  Corruptor  
  87  7:14  Hatchery  
  87  7:15  Drone  
  91  7:16  Drone  
  91  7:19  Drone x3  
  91  7:20  Drone  
  91  7:22  Overlord  
  96  7:25  Corruptor  
  96  7:28  Overlord  
  98  7:40  Overlord  
  98  7:41  Corruptor  
  98  7:42  Corruptor  
  102  7:48  Drone x2  
  102  7:49  Brood Lord  
  102  7:50  Brood Lord  
  108  7:51  Corruptor  
  108  7:53  Overseer  
  108  7:56  Brood Lord  
  108  7:57  Corruptor  
  114  8:00  Corruptor  
  114  8:03  Corruptor  
  118  8:07  Zerg Flyer Weapons Level 1  
  118  8:10  Overlord  
  118  8:16  Brood Lord  
  121  8:20  Overlord x2, Zergling x4  
  121  8:23  Overlord  
  122  8:31  Evolution Chamber  
  122  8:32  Brood Lord  
  122  8:33  Brood Lord  
  125  8:35  Zergling x8, Evolution Chamber  
  125  8:36  Zergling x4  
  125  8:40  Zergling x6  
  133  8:41  Drone x2  
  133  8:46  Brood Lord  
  137  8:48  Corruptor  
  137  8:51  Zergling x4  
  137  8:52  Zergling x2  
  137  8:53  Zergling x2  
  137  8:54  Zergling x2  
  144  8:57  Corruptor  
  144  9:02  Corruptor  
  148  9:08  Corruptor  
  148  9:09  Zergling x4  
  152  9:10  Zergling x4  
  152  9:11  Drone x2  
  152  9:12  Drone  
  152  9:15  Corruptor  
  159  9:19  Overlord x2  
  159  9:38  Corruptor  
  159  9:42  Corruptor  
  163  9:47  Corruptor  
Tags
 
Add a new tag
Caveats
  • Supply blocks, unpowered buildings, or Contaminate may cause inaccurate times.
  • Supply counts are checked every 10 seconds.